 Dungeon Crawl Stone Soup version 0.30-a0-34-gbe8da3892a (webtiles) character file.

Game seed: 4040511732021460595

6 ytrimaz the Insei (level 1, -1/13 HPs)
             Began as an Octopode Transmuter on Aug 27, 2022.
             Killed from afar by a dart slug (2 damage)
             ... with a slug dart
             ... on level 1 of the Dungeon.
             The game lasted 00:00:20 (188 turns).

ytrimaz the Insei (Octopode Transmuter)              Turns: 188, Time: 00:00:20

Health: -1/13      AC:  1    Str:  9    XL:     1   Next: 90%
Magic:  3/3        EV: 13    Int: 15    God:
Gold:   59         SH:  0    Dex: 12    Spells: 3/4 levels left

rFire   . . .      SeeInvis .      - Unarmed
rCold   . . .      Faith    .    (no shield)
rNeg    . . .      Spirit   .    (helmet restricted)
rPois   .          Reflect  .    (no amulet)
rElec   .          Harm     .    (no ring)
rCorr   .          Rampage  .    (no ring)
Will    .....                    (no ring)
Stlth   ++........               (no ring)
HPRegen 0.04/turn                (no ring)
MPRegen 0.08/turn                (no ring)
                                 (no ring)
                                 (no ring)

@: no status effects
A: almost no armour, amphibious, 8 rings, camouflage 1, gelatinous body 1,
(nimble swimmer 1), tentacles
a: no special abilities


You were on level 1 of the Dungeon.
You visited 1 branch of the dungeon, and saw 1 of its levels.

You collected 59 gold pieces.

Inventory:

Scrolls
 b - a scroll of identify {unknown}
 d - a scroll of enchant armour {unknown}
Potions
 a - a potion of lignification
 c - 2 potions of degeneration {unknown}


   Skills:
 - Level 1.0 Fighting
 - Level 2.0 Dodging
 + Level 3.4 Unarmed Combat
 - Level 2.0 Spellcasting
 - Level 2.0 Transmutations


You had 3 spell levels left.
You knew the following spells:

 Your Spells              Type           Power      Damage    Failure   Level
a - Beastly Appendage     Tmut           14%        N/A       10%         1

Your spell library contained the following spells:

 Spells                   Type           Power      Damage    Failure   Level
 Wereblood                Tmut           7%         N/A       14%         2
 Summon Small Mammal      Summ           4%         N/A       22%         1
 Spider Form              Tmut/Pois      4%         N/A       41%         3
 Call Canine Familiar     Summ           1%         N/A       54%         3
 Summon Guardian Golem    Hex/Summ       1%         N/A       54%         3
 Ice Form                 Ice/Tmut       4%         N/A       82%         4


Dungeon Overview and Level Annotations

Branches:
Dungeon (1/15)

Altars:


Innate Abilities, Weirdness & Mutations

You cannot wear most types of armour.
You are amphibious.
You can wear up to eight rings at the same time.
Your skin changes colour to match your surroundings (Stealth+).
Your rubbery body absorbs attacks. (AC +1, EV +1)
((You are camouflaged when in or above water. (Stealth+)))
You have tentacles for arms and can constrict up to eight enemies at once.


Message History

The hobgoblin shouts!
The quokka twitches its whiskers.
The quokka bites you.
You tentacle-slap the quokka.
You kill the quokka!
You see here a quokka corpse.
You tentacle-slap the hobgoblin but do no damage.
You grab the hobgoblin.
You pierce the hobgoblin, but do no damage.
You constrict the hobgoblin. The hobgoblin hits you.
You tentacle-slap the hobgoblin.
You pierce the hobgoblin, but do no damage.
You squeeze the hobgoblin.
You kill the hobgoblin!
Your transformation is almost over.
You see here a hobgoblin corpse.
You see here a quokka corpse.
You now have 59 gold pieces (gained 9).
c - 2 dark potions (gained 1)
Your tentacle spike disappears.
You pick up a book of Callings and begin reading...
You add the spells Summon Small Mammal, Call Canine Familiar and Summon Guardian Golem to your library.
An endoplasm comes into view.
An endoplasm is nearby!
An endoplasm is nearby!
You are too injured to fight recklessly!
A dart slug comes into view.
The endoplasm quivers.
The endoplasm closely misses you.
You barely miss the endoplasm. The endoplasm freezes you.
You are frozen.
* * * LOW HITPOINT WARNING * * *
You barely miss the endoplasm. The endoplasm hits you.
* * * LOW HITPOINT WARNING * * *
You tentacle-slap the endoplasm.
You kill the endoplasm!
The dart slug launches a dart at you. The slug dart hits you.
You die...

#... .###.# #.#
##...##.#..# ####.##
........#.######......
#.#..................
####........## #.##.....
#..........†.###.##.....
#.##.......†###.........
#.#..........#......# #
#.@...####......###
#.#.#.# ##.##.## #.###.#
#.##.# #.# #.# #.##.#
#.# #.# #.##.# ... .#.
...... #w# # # #.# #.#
#.# # #.#


You could see a dart slug.

Vanquished Creatures
  An endoplasm (D:1)
  A goblin (D:1)
  A hobgoblin (D:1)
  A quokka (D:1)
  A kobold (D:1)
5 creatures vanquished.

Notes
Turn   | Place    | Note
-------+----------+-------------------------------------------
     0 | D:1      | ytrimaz the Octopode Transmuter began the quest for the
                  | Orb.
     0 | D:1      | Reached XP level 1. HP: 13/13 MP: 3/3
   188 | D:1      | Killed from afar by a dart slug

Illustrated notes

Levels and vault maps discovered:
D:1:      saegor_arrival_simple_c, layout_loops_ring,
          shapermc_ecumenical_altar_notcrosses, minmay_liquid_box

Action                   || total
-------------------------++-------
Melee: Unarmed           ||    12
       Constrict         ||     4
       Kick              ||     2
       Tentacles         ||     2
 Cast: Beastly Appendage ||     3
Dodge: Dodged            ||     7

Table legend: (Time is in decaauts)
 A = Elapsed time spent in this place.
 B = Non-inter-level travel time spent in this place.
 C = Inter-level travel time spent in this place.
 D = Time resting spent in this place.
 E = Time spent auto-exploring this place.
 F = Levels seen in this place.
 G = Mean time per level.
                   A        B        C        D        E       F      G
               +--------+--------+--------+--------+--------+-----+--------+
         Total |    187 |    187 |      0 |      0 |    129 |   1 |  187.0 |
       Dungeon |    187 |    187 |      0 |      0 |    129 |   1 |  187.0 |
               +--------+--------+--------+--------+--------+-----+--------+

Top non-repeatable levels by time:
     D:1: 187 daAuts
